 Dungeon Crawl Stone Soup version 0.20-a0-899-g09a9bfb (webtiles) character file.

58 BrendanD the Slasher (level 3, -2/29 HPs)
             Began as a Demonspawn Berserker on Mar 18, 2017.
             Was a Believer of Trog.
             Slain by an adder (5 damage)
             ... on level 2 of the Dungeon.
             The game lasted 00:02:30 (1207 turns).

BrendanD the Slasher (Demonspawn Berserker)         Turns: 1207, Time: 00:02:31

Health: -2/29      AC:  2    Str: 20    XL:     3   Next: 75%
Magic:  3/3        EV: 12    Int:  8    God:    Trog [**....]
Gold:   54         SH:  0    Dex: 12    Spells: 2/2 levels left

rFire    . . .     SeeInvis .   a - +0 falchion
rCold    . . .     Gourm    .   b - +0 animal skin
rNeg     . . .     Faith    .   (no shield)
rPois    .         Spirit   .   (no helmet)
rElec    .         Reflect  .   (no cloak)
rCorr    .         Harm     .   (no gloves)
MR       .....                  (no boots)
Stlth    +.........             (no amulet)
Regen    0.1/turn               (no ring)
MPRegen  0.1/turn               h - +2 ring of strength

@: lethally poisoned (-2 -> -4)
A: rot immunity
a: Berserk, Trog's Hand, Burn Spellbooks, Renounce Religion


You were on level 2 of the Dungeon.
You worshipped Trog.
Trog was pleased with you.
You were not hungry.

You visited 1 branch of the dungeon, and saw 2 of its levels.

You collected 54 gold pieces.

Inventory:

Hand Weapons
 a - a +0 falchion (weapon)
Armour
 b - a +0 animal skin (worn)
Jewellery
 h - a +2 ring of strength (left hand)
Scrolls
 e - a scroll of blinking {unknown}
 i - 3 scrolls of identify {unknown}
Potions
 d - 2 potions of flight {unknown}
 j - a potion of heal wounds {unknown}
 k - 2 potions of mutation {unknown}
 l - a potion of resistance {unknown}
 m - a potion of might {unknown}
Comestibles
 c - 2 bread rations
 f - a chunk of flesh
 g - a fruit


   Skills:
 - Level 3.0 Fighting
 + Level 4.3 Long Blades
 - Level 1.7 Armour
 - Level 1.7 Dodging


You had 2 spell levels left.
You didn't know any spells.

Dungeon Overview and Level Annotations

Branches:
Dungeon (2/15)

Altars:
Gozag


Innate Abilities, Weirdness & Mutations

You are immune to rotting.


Message History

Found 18 gold pieces.
Things that are here:
a jackal corpse x2
You feel sick.
You barely miss the jackal. The jackal bites you.
* * * LOW HITPOINT WARNING * * *
The jackal bites you.
* * * LOW HITPOINT WARNING * * *
You hit the jackal. The jackal closely misses you.
You hit the jackal.
You kill the jackal!
Trog accepts your kill.
You feel sick. The adder barely misses you.
You hit the adder. The adder bites you but does no damage.
You closely miss the adder. The adder bites you.
* * * LOW HITPOINT WARNING * * *
You hit the adder.
* * * LOW HITPOINT WARNING * * *
You feel sick. The adder bites you.
You die...

.....# # #...
.....#.# #
#...
....#.#.#
.##...
#.......
.<.....
####...#.#
#.#####
#........# #
....
#.###.####.#
######
#.#.Sr.....#
#.....
#.#@#......#
#.####
#.#.#......#
#.#.##
#.#.#........
#.#...
#.#.#.#......
#.#.##
#.#$#.#.###..
#>#.##
#.#.#.#.# ..
#.#...
#.#.#.#
#.#### #.#.#
#.#... #.#
#.#.#.


You could see an adder and a rat.

Vanquished Creatures
  2 adders (D:2)
  A worm (D:2)
  2 leopard geckos
  3 bats
  5 goblins
  2 hobgoblins (D:1)
  7 jackals (D:2)
  A ball python (D:1)
  2 frilled lizards (D:1)
  5 kobolds
  7 rats
37 creatures vanquished.

Notes
Turn   | Place    | Note
-------+----------+-------------------------------------------
     0 | D:1      | BrendanD the Demonspawn Berserker began the quest for the Orb.
     0 | D:1      | Reached XP level 1. HP: 18/18 MP: 1/1
   132 | D:1      | Reached skill level 3 in Long Blades
   296 | D:1      | Gained mutation: You are immune to rotting. [demonic ancestry]
   296 | D:1      | Reached XP level 2. HP: 21/24 MP: 2/2
   750 | D:2      | Reached XP level 3. HP: 22/29 MP: 3/3
   881 | D:2      | Reached ** piety under Trog
   912 | D:2      | Reached skill level 4 in Long Blades
   990 | D:2      | Found an opulent altar of Gozag.
  1207 | D:2      | Slain by an adder

Vault maps used:
D:1:      minmay_arrival_glassed_features
D:2:      grunt_gozag_breadcrumbs

Skill      XL: |  1  2  3 |
---------------+----------+-----
Long Blades    | 3 4 |  4.3
Fighting       | |  3.0
Armour         | |  1.7
Dodging        | |  1.7

Action                   || total
-------------------------++-------
Melee: Falchion          ||    92
Invok: Berserk           ||     1
 Stab: Sleeping          ||     1
  Eat: Chunk             ||     2
Armor: Animal skin       ||    19
Dodge: Dodged            ||   102
       Rpst.: Falchion   ||    27
